 Dungeon Crawl Stone Soup version 0.25.1-2-g60ff931df9 (webtiles) character file.

Game seed: 4982396149887009838

25525 Chimkentus the Transmogrifier (level 13, -4/88 HPs)
             Began as an Octopode Transmuter on Aug 18, 2020.
             Was a Priest of Dithmenos.
             Slain by a two-headed ogre
             ... wielding a +0 giant club
              (23 damage)
             ... on level 2 of the Orcish Mines on Aug 19, 2020.
             The game lasted 02:25:04 (16922 turns).

Chimkentus the Transmogrifier (OpTm)               Turns: 16922, Time: 02:25:05

Health: -4/88      AC:  3    Str: 14    XL:     13   Next: 20%
Magic:  21/22      EV: 23    Int: 16    God:    Dithmenos [***...]
Gold:   548        SH: 16    Dex: 12    Spells: 13/24 levels left

rFire    + . .     SeeInvis .   k - +1 war axe (venom)
rCold    . . .     Gourm    .   O - +2 kite shield
rNeg     . . .     Faith    .   x - +2 hat
rPois    .         Spirit   .   R - amulet of reflection
rElec    .         Reflect  +   q - ring of protection from fire
rCorr    .         Harm     .   s - +4 ring of evasion
MR       .....                  u - +4 ring of slaying
Stlth    +++++.....             w - +4 ring of evasion
HPRegen  0.24/turn              J - ring of flight
MPRegen  0.18/turn              S - ring of wizardry
                                (no ring)
                                (no ring)

@: brilliant, wreathed by umbra
A: almost no armour, stealthy swim, amphibious, 8 rings, constrict 8, camouflage
1, gelatinous body 1
a: Shadow Step, Renounce Religion, Evoke Flight


You were on level 2 of the Orcish Mines.
You worshipped Dithmenos.
Dithmenos was most pleased with you.
You were not hungry.

You visited 4 branches of the dungeon, and saw 15 of its levels.
You also visited: Sewer.

You collected 548 gold pieces.

Inventory:

Hand Weapons
 k - a +1 war axe of venom (weapon)
 p - a +0 scimitar
 y - a +2 trident of protection
 B - a +1 dagger of venom
 G - a +0 hand crossbow
 H - a +6 hand axe
 K - a +1 dagger of pain
 U - a +1 dagger of draining
Missiles
 a - 131 arrows
 D - 69 bolts
 I - 6 boomerangs (quivered)
 L - 37 poisoned darts
 M - a throwing net
Armour
 x - a +2 hat (worn)
 O - a +2 kite shield (worn)
Jewellery
 q - a ring of protection from fire (left tentacle)
 s - a +4 ring of evasion (right tentacle)
 u - a +4 ring of slaying (on tentacle)
 w - a +4 ring of evasion (on tentacle)
 J - a ring of flight (on tentacle)
 R - an amulet of reflection (around mantle)
 S - a ring of wizardry (on tentacle)
Wands
 i - a wand of paralysis (3)
Scrolls
 b - a scroll of random uselessness {unknown}
 f - 9 scrolls of remove curse
 g - a scroll of identify
 h - 3 scrolls of blinking
 j - 2 scrolls of magic mapping
 n - 6 scrolls of teleportation
 o - 2 scrolls of fog
 r - a scroll of fear {unknown}
 C - 2 scrolls of silence
 E - a scroll of vulnerability {unknown}
Potions
 l - 3 potions of heal wounds
 m - a potion of curing
 t - 3 potions of lignification
 v - a potion of flight
 z - 3 potions of ambrosia
 A - 2 potions of brilliance
Comestibles
 c - 19 rations


   Skills:
 * Level 7.6 Fighting
 + Level 3.4 Short Blades
 + Level 5.9 Axes
 + Level 5.6 Throwing
 * Level 7.8 Dodging
 + Level 5.6 Stealth
 * Level 6.1 Shields
 + Level 3.2 Unarmed Combat
 + Level 6.3 Spellcasting
 * Level 7.1 Summonings
 * Level 9.4 Transmutations
 * Level 3.8 Earth Magic
 * Level 6.6 Invocations
 + Level 1.1 Evocations


You had 13 spell levels left.
You knew the following spells:

 Your Spells              Type           Power        Failure   Level  Hunger
a - Beastly Appendage     Tmut           ######       1%          1    None
b - Sticks to Snakes      Tmut           ######..     1%          2    None
c - Summon Small Mammal   Summ           ####         1%          1    None
d - Call Canine Familiar  Summ           #####...     2%          3    None
e - Petrify               Tmut/Erth      #####...     11%         4    None

Your spell library contained the following spells:

 Spells                   Type           Power        Failure   Level  Hunger
 Call Imp                 Summ           #####...     1%          2    None
 Spider Form              Tmut/Pois      ####......   8%          3    None
 Blade Hands              Tmut           ######....   10%         5    None
 Summon Guardian Golem    Hex/Summ       ###.....     12%         3    None
 Corona                   Hex            #......      16%         1    None
 Ensorcelled Hibernation  Hex/Ice        #.....       24%         2    None
 Ice Form                 Ice/Tmut       ####....     24%         4    None
 Summon Ice Beast         Ice/Summ       ###.....     34%         4    None
 Summon Lightning Spire   Summ/Air       ###.....     34%         4    None
 Confusing Touch          Hex            #.......     43%         3    None
 Dazzling Flash           Conj/Hex       #.....       43%         3    None
 Gell's Gravitas          Tloc           #.........   43%         3    None
 Tukima's Dance           Hex            #.......     43%         3    None
 Yara's Violent Unravell  Hex/Tmut       ####......   52%         5    None
 Borgnjor's Vile Clutch   Necr/Erth      ###.......   87%         5    None
 Metabolic Englaciation   Hex/Ice        #.........   98%         5    None


Dungeon Overview and Level Annotations

Branches:
Dungeon (11/15)            Temple (1/1) D:7            Lair (1/6) D:10
    Orc (2/2) D:11          Sewer (visited)
    Elf: Orc:2

Altars:
Ashenzari
Cheibriados
Dithmenos
Elyvilon
Fedhas
Gozag
Hepliaklqana
Kikubaaqudgha
Makhleb
Nemelex Xobeh
Okawaru
Qazlal
Ru
Sif Muna
Trog
Uskayaw
Vehumet
Wu Jian
Xom
Yredelemnul
Zin
The Shining One

Shops:
D:4 [   D:9 :

Annotations:
D:5 1 runed translucent door, Crazy Yiuf


Innate Abilities, Weirdness & Mutations

You cannot wear most types of armour.
You are very stealthy in the water. (Stealth+)
You are amphibious.
You can wear up to eight rings at the same time.
You can use your tentacles to constrict eight enemies at once.
Your skin changes colour to match your surroundings (Stealth+).
Your rubbery body absorbs attacks. (AC +1, EV +1)


Message History

The two-headed ogre hits your water moccasin with a +0 giant spiked club.
Your water moccasin bites the two-headed ogre.
You strike the helpless two-headed ogre from behind!
You hit the two-headed ogre.
The two-headed ogre looks as sick as possible!
You squeeze the two-headed ogre.
The two-headed ogre is severely wounded.
Your water moccasin bites the two-headed ogre.
The two-headed ogre looks as sick as possible!
Your water moccasin poisons the two-headed ogre!
The two-headed ogre hits you with a +0 giant club!
* * * LOW HITPOINT WARNING * * *
You block the two-headed ogre's attack.
Your water moccasin closely misses the two-headed ogre.
You completely miss the two-headed ogre.
The two-headed ogre is almost dead.
You block the two-headed ogre's attack. The two-headed ogre barely misses you.
Your water moccasin bites the two-headed ogre but does no damage.
The two-headed ogre hits you with a +0 giant club!!
You die...

.########..###
. .............
.. ............
#.. ...........
... ..........
. .. ..S......
....#.#)O...#..
......[@)......
...#..)).##.##.
#...#.##
##...## ## #


You could see a two-headed ogre (fast, extremely poisoned) and a friendly water
moccasin.

Vanquished Creatures
  Josephine (D:11)
  9 two-headed ogres
  4 ogre magi
  2 unseen horrors (D:10)
  An orc knight (Orc:1)
  2 spiny frogs (Lair:1)
  A komodo dragon (Lair:1)
  A troll (D:11)
  A hornet (D:8)
  Grinder (D:4)
  A polar bear (D:9)
  3 hippogriffs
  15 yaks
  3 wraiths (D:11)
  Grum (D:10)
  3 wargs
  A water moccasin (D:6)
  A porcupine (Lair:1)
  6 ice beasts
  2 black bears
  4 sky beasts
  2 phantoms
  10 orc warriors
  22 ogres
  5 centaurs
  7 wolves
  A crocodile (Lair:1)
  A big kobold (D:9)
  A nameless horror (D:10)
  8 bullfrogs
  A wyvern zombie (D:8)
  A water moccasin zombie (D:8)
  A water moccasin skeleton (D:9)
  4 scorpions
  5 killer bees (D:8)
  3 wights (D:11)
  2 electric eels (D:9)
  A lava snake (D:7)
  8 crimson imps
  A quasit (D:10)
  A bullfrog zombie (D:4)
  5 hounds
  2 jellies
  5 orc priests
  5 centaur skeletons
  Ijyb (D:4)
  An iguana (D:9)
  15 orc wizards
  7 worker ants
  A bullfrog simulacrum (D:9)
  2 hound skeletons
  A killer bee simulacrum (D:9)
  Robin (D:4)
  4 gnolls (D:8)
  22 adders
  A shadow imp (D:7)
  A worker ant simulacrum (D:9)
  An ufetubus (D:9)
  10 oozes
  An adder zombie (D:6)
  3 adder skeletons
  2 worms
  15 leopard geckos
  61 orcs
  15 ball pythons
  14 giant cockroaches
  16 goblins
  9 hobgoblins
  7 jackals
  A quokka (D:5)
  3 bats
  18 frilled lizards
  A jackal zombie (D:6)
  9 kobolds
  2 leopard gecko zombies (D:5)
  6 rats
416 creatures vanquished.

Vanquished Creatures (collateral kills)
  A spiny frog (Lair:1)
  A hornet (D:9)
  A hippogriff (D:8)
  A wraith (D:11)
  A yak (D:7)
  An orc warrior (D:7)
  A necrophage (D:8)
  2 ogres
  A gnoll sergeant (D:8)
  4 killer bees (D:8)
  An orc priest (Orc:1)
  An adder (D:2)
  A worm (D:2)
  2 leopard geckos
  2 orcs
  A goblin (D:11)
22 creatures vanquished.

Vanquished Creatures (others)
  An adder zombie (D:7)
1 creature vanquished.

Grand Total: 439 creatures vanquished

Notes
Turn   | Place    | Note
-------+----------+-------------------------------------------
     0 | D:1      | Chimkentus the Octopode Transmuter began the quest for the
                  | Orb.
     0 | D:1      | Reached XP level 1. HP: 13/13 MP: 3/3
   137 | D:1      | Found a shattered altar of Ashenzari.
   227 | D:1      | Reached XP level 2. HP: 18/18 MP: 3/5
   231 | D:1      | Learned a level 2 spell: Sticks to Snakes
  1462 | D:2      | Reached XP level 3. HP: 15/23 MP: 4/6
  1865 | D:2      | Reached XP level 4. HP: 25/29 MP: 4/7
  2241 | D:3      | Reached skill level 1 in Axes
  2397 | D:3      | Reached skill level 3 in Transmutations
  2457 | D:3      | Found a shattered altar of Ashenzari.
  2489 | D:3      | Reached skill level 1 in Stealth
  2489 | D:3      | Reached XP level 5. HP: 34/34 MP: 3/8
  2747 | D:3      | Noticed an ogre
  2754 | D:3      | Killed an ogre
  2754 | D:3      | Reached XP level 6. HP: 24/41 MP: 5/10
  3029 | D:3      | Learned a level 1 spell: Summon Small Mammal
  3167 | D:4      | Noticed Ijyb
  3204 | D:4      | Killed Ijyb
  3230 | D:4      | Found a shimmering altar of Xom.
  3276 | D:4      | Identified the +0 helmet "Viefuop" {Slay+5}
  3276 | D:4      | Noticed Robin
  3316 | D:4      | Killed Robin
  3593 | D:4      | Reached skill level 4 in Transmutations
  3593 | D:4      | Reached XP level 7. HP: 38/45 MP: 9/11
  3759 | D:4      | Found Luforu's Armour Emporium.
  3795 | D:4      | Noticed Grinder
  3843 | D:4      | Reached skill level 1 in Summonings
  4054 | D:4      | Killed Grinder
  4184 | D:5      | Entered Level 5 of the Dungeon
  4204 | D:5      | Reached skill level 1 in Throwing
  4251 | D:4      | Reached XP level 8. HP: 47/52 MP: 11/13
  4314 | D:4      | Learned a level 3 spell: Call Canine Familiar
  4325 | D:5      | Found a sparkling altar of Nemelex Xobeh.
  4663 | D:5      | Reached skill level 5 in Transmutations
  5227 | D:5      | Found a runed translucent door.
  5228 | D:5      | Noticed Crazy Yiuf
  5519 | D:6      | Found a shadowy altar of Dithmenos.
  5537 | D:6      | Found a glowing drain.
  5558 | Sewer    | Entered a sewer
  5629 | Sewer    | Reached skill level 1 in Short Blades
  6168 | D:6      | Found an opulent altar of Gozag.
  6335 | D:6      | Reached XP level 9. HP: 29/58 MP: 12/15
  6570 | D:6      | Found a hazy altar of Hepliaklqana.
  7142 | D:6      | Found a white marble altar of Elyvilon.
  7142 | D:6      | Found a blossoming altar of Fedhas.
  7143 | D:6      | Found a bloodstained altar of Trog.
  7156 | D:6      | Found an ancient bone altar of Kikubaaqudgha.
  7171 | D:6      | Identified Lish's Compendium of Ashen Shape Shifting
  7542 | D:6      | Became a worshipper of Dithmenos the Shadowed
  7608 | D:7      | Reached skill level 6 in Transmutations
  7717 | D:7      | Found a staircase to the Ecumenical Temple.
  7733 | D:7      | Reached skill level 5 in Dodging
  7755 | D:7      | Reached skill level 1 in Invocations
  7911 | Temple   | Entered the Ecumenical Temple
  8168 | D:7      | Noticed a two-headed ogre
  8232 | D:7      | Reached skill level 5 in Spellcasting
  8303 | D:7      | Found a burning altar of Makhleb.
  8680 | D:7      | Killed a two-headed ogre
  8680 | D:7      | Reached skill level 5 in Fighting
  8680 | D:7      | Reached skill level 1 in Shields
  8680 | D:7      | Reached skill level 7 in Transmutations
  8680 | D:7      | Reached XP level 10. HP: 37/66 MP: 8/17
  9182 | D:8      | Reached * piety under Dithmenos
  9210 | D:8      | Found a sacrificial altar of Ru.
 10842 | D:9      | Found Vayff's Book Shop.
 11070 | D:9      | Reached ** piety under Dithmenos
 11323 | D:9      | Reached skill level 5 in Summonings
 11327 | D:9      | Reached XP level 11. HP: 60/72 MP: 19/19
 11754 | D:9      | Reached skill level 1 in Evocations
 11952 | D:9      | Reached skill level 8 in Transmutations
 12160 | D:9      | Found a shimmering blue altar of Sif Muna.
 12213 | D:10     | Entered Level 10 of the Dungeon
 12837 | D:10     | Killed an unseen horror
 12837 | D:10     | Reached skill level 5 in Throwing
 12839 | D:10     | Killed an unseen horror
 13176 | D:10     | Found a staircase to the Lair.
 13550 | D:10     | Noticed Grum
 13565 | D:10     | Killed Grum
 13565 | D:10     | Reached skill level 5 in Stealth
 13665 | D:10     | Learned a level 4 spell: Petrify
 13666 | Lair:1   | Entered Level 1 of the Lair of Beasts
 14044 | Lair:1   | Reached *** piety under Dithmenos
 14044 | Lair:1   | Reached skill level 1 in Earth Magic
 14079 | Lair:1   | Noticed a seven-headed hydra
 14243 | D:11     | Reached skill level 5 in Invocations
 14450 | D:11     | Found a staircase to the Orcish Mines.
 14491 | D:11     | Reached XP level 12. HP: 74/80 MP: 16/21
 15478 | Orc:1    | Entered Level 1 of the Orcish Mines
 15597 | Orc:1    | Noticed Josephine
 15613 | D:11     | Killed Josephine
 16375 | Orc:2    | Entered Level 2 of the Orcish Mines
 16385 | Orc:2    | Noticed an ogre mage
 16391 | Orc:1    | Reached skill level 5 in Shields
 16402 | Orc:2    | Noticed an ogre mage
 16417 | Orc:1    | Reached skill level 9 in Transmutations
 16478 | Orc:2    | Noticed a two-headed ogre
 16484 | Orc:2    | Noticed a two-headed ogre
 16488 | Orc:2    | Noticed an ogre mage
 16490 | Orc:2    | Noticed a two-headed ogre
 16492 | Orc:2    | Noticed a two-headed ogre
 16495 | Orc:2    | Noticed a two-headed ogre
 16495 | Orc:2    | Noticed a two-headed ogre
 16511 | Orc:1    | Killed a two-headed ogre
 16597 | Orc:1    | Killed a two-headed ogre
 16648 | Orc:2    | Noticed a two-headed ogre
 16654 | Orc:1    | Killed a two-headed ogre
 16656 | Orc:1    | Killed a two-headed ogre
 16658 | Orc:1    | Killed a two-headed ogre
 16658 | Orc:1    | Reached skill level 5 in Axes
 16661 | Orc:2    | Noticed a two-headed ogre
 16669 | Orc:1    | Killed a two-headed ogre
 16672 | Orc:1    | Killed a two-headed ogre
 16675 | Orc:1    | Killed an ogre mage
 16675 | Orc:1    | Reached XP level 13. HP: 54/86 MP: 22/22
 16922 | Orc:2    | Slain by a two-headed ogre

Illustrated notes

Levels and vault maps discovered:
D:1:      minmay_arrival_radiant_lines, layout_basic, minmay_misc_feat_room,
          st_stairs_6, ashenzari_altar_1
D:2:      layout_loops_cross
D:3:      layout_loops_ring, nicolae_overflow_crystal_walls
D:4:      layout_basic, lemuel_crystal_altar, serial_shops, shop, uniq_grinder,
          uniq_ijyb, uniq_robin
D:5:      layout_loops_corners, nemelex_xobeh_ov_fountains_minmay, first_ration,
          uniq_crazy_yiuf_cottage
D:6:      layout_loops_corners, kennysheep_little_box, grunt_gozag_statues,
          grunt_dithmenos_smoke, nicolae_overflow_quartered_altars,
          gup_sewer_entry_glass, serial_park_tiny_2, kennysheep_generic_room_14
D:7:      layout_cave_pools, kennysheep_mini,
          minmay_temple_entry_gardened_gates, hangedman_decor_opposing,
          kennysheep_nub, grunt_ogre_cave, kennysheep_generic_room_5
D:8:      layout_cave_pods, nicolae_ru_sacrificial_ziggurat, serial_glass,
          glass_columns_c, glass_columns_c
D:9:      layout_stronghold, lemuel_round_altar, serial_shops,
          nicolae_shop_statue_plus, serial_ice, serial_ice_j, serial_ice_o,
          serial_ice_b, serial_ice_d
D:10:     layout_roguey, lair_entry_dummy, uniq_grum
D:11:     layout_long_grid, erik_orc_4
Temple:   compressed_dpeg_triangle_lava_temple
Lair:1:   layout_regular_city, infiniplex_staircase_pool, grunt_megastairs_5
Orc:1:    layout_caves, mines1_david, uniq_josephine
Orc:2:    st_orc_ogre_mass, layout_caves, serial_shops,
          nicolae_shop_window_shopping, nicolae_shop_trees, nicolae_shop_stone,
          shop, shop, minmay_orc_temple_c

Skill      XL: |  1  2  3  4  5  6  7  8  9 10 11 12 13 |
---------------+----------------------------------------+-----
Fighting       | 2 3 4 5 6 7 |  7.6
Axes           | 1 2 3 5 |  5.9
Transmutations | 3 4 5 7 8 9 |  9.4
Stealth        | 1 2 3 4 5 |  5.6
Dodging        | 3 4 5 6 7 |  7.8
Spellcasting   | 3 4 5 6 |  6.3
Summonings     | 1 3 4 5 6 7 |  7.1
Throwing       | 1 2 3 4 5 |  5.6
Short Blades   | 1 2 3 |  3.4
Invocations    | 2 3 5 6 |  6.6
Shields        | 1 2 4 5 6 |  6.1
Evocations     | 1 |  1.1
Earth Magic    | 1 3 |  3.8
Unarmed Combat | |  3.2

Action                   |  1- 3 |  4- 6 |  7- 9 | 10-12 | 13-15 || total
-------------------------+-------+-------+-------+-------+-------++-------
Melee: Hand axe          |    61 |    78 |    50 |    83 |       ||   272
       Kick              |    17 |    27 |    52 |   103 |       ||   199
       Constrict         |    13 |    21 |    55 |    59 |       ||   148
       Unarmed           |     1 |       |       |       |       ||     1
       Tentacles         |     3 |    13 |    38 |    90 |     2 ||   146
       Punch             |     1 |     1 |     3 |    13 |     1 ||    19
       Dagger            |       |       |   176 |   333 |       ||   509
       War axe           |       |       |       |    83 |    21 ||   104
       Scimitar          |       |       |       |     4 |       ||     4
Throw: Stone             |       |    27 |   106 |       |       ||   133
       Boomerang         |       |       |    27 |   144 |       ||   171
       Dart              |       |       |    13 |    83 |       ||    96
       Throwing net      |       |       |       |     1 |       ||     1
 Cast: Beastly Appendage |    22 |    29 |    60 |    48 |       ||   159
       Sticks to Snakes  |     7 |     7 |    25 |    33 |     2 ||    74
       Summon Small Mamm |       |     2 |     1 |       |       ||     3
       Call Canine Famil |       |       |     2 |    14 |       ||    16
Invok: Shadow Step       |       |       |       |     7 |       ||     7
Evoke: Wand              |       |       |     3 |    27 |       ||    30
       Box of beasts     |       |       |       |     1 |       ||     1
  Use: Scroll            |       |       |    12 |    14 |       ||    26
       Potion            |       |       |     2 |    12 |     4 ||    18
 Stab: Sleeping          |     2 |     1 |    15 |    24 |       ||    42
       Distracted        |       |       |     1 |     4 |     1 ||     6
       Paralysed         |       |       |       |     1 |       ||     1
  Eat: Chunk             |     4 |     6 |    17 |    23 |     1 ||    51
       Ration            |       |       |       |     1 |       ||     1
Armor: Skin              |     2 |     4 |     3 |    18 |       ||    27
Dodge: Dodged            |    43 |    64 |   174 |   333 |    34 ||   648
Block: Kite shield       |       |       |       |   235 |    29 ||   264
       Reflection        |       |       |       |     8 |       ||     8
